 Dungeon Crawl Stone Soup version 0.31.0-11-ge490571c62 (webtiles) character file.

Game seed: 3030553000868191054

156 stipulation the Grave Robber (level 5, -3/24 HPs)
             Began as a Vine Stalker Necromancer on Feb 1, 2024.
             Slain by a gnoll
             ... wielding a +0 halberd
              (6 damage)
             ... on level 4 of the Dungeon.
             The game lasted 00:04:00 (2973 turns).

stipulation the Grave Robber (VSNe)                 Turns: 2973, Time: 00:04:01

Health: -3/24      AC:  4    Str: 10    XL:     5   Next: 38%
Magic:  0/12       EV: 12    Int: 17    God:
Gold:   70         SH:  0    Dex: 15    Spells: 11/12 levels left

rFire   . . .        i - +0 dagger
rCold   . . .        (no shield)
rNeg    . . .        a - +0 robe
rPois   .            (no helmet)
rElec   .            d - +1 cloak
rCorr   .            (no gloves)
SInv    .            (no boots)
Will    .....        (no amulet)
Stlth   ++           (no ring)
HPRegen 1.04/turn    (no ring)
MPRegen 0.13/turn

%: guardian spirit
@: no status effects
A: fangs 2, regeneration 1, magic shield, antimagic bite, no potion heal 2
a: no special abilities


You were on level 4 of the Dungeon.
You visited 1 branch of the dungeon, and saw 4 of its levels.

You collected 70 gold pieces.

Inventory:

Hand Weapons
 i - a +0 dagger (weapon)
Armour
 a - a +0 robe (worn)
 d - a +1 cloak (worn)
Jewellery
 c - a ring of willpower
 g - an amulet of faith
Scrolls
 e - a scroll of teleportation {unknown}
 l - a scroll of silence {unknown}
 n - a scroll of noise {unknown}
 o - a scroll of immolation {unknown}
 q - a scroll of fog {unknown}
 r - a scroll of amnesia {unknown}
 s - a scroll of torment {unknown}
 u - a scroll of enchant armour {unknown}
Potions
 b - a potion of magic
 f - 2 potions of heal wounds {unknown}
 h - a potion of degeneration {unknown}
 j - a potion of ambrosia {unknown}
 k - a potion of attraction {unknown}
 m - a potion of curing {unknown}
 p - a potion of mutation {unknown}
 t - a potion of might {unknown}


   Skills:
 - Level 1.5 Dodging
 - Level 2.4 Stealth
 + Level 4.1 Spellcasting
 + Level 5.4 Necromancy


You had 11 spell levels left.
You knew the following spells:

 Your Spells              Type           Power      Damage    Failure   Level
a - Necrotise             Necr           84%        1d8       1%          1

Your spell library contained the following spells:

 Spells                   Type           Power      Damage    Failure   Level
 Vampiric Draining        Necr           21%        2d7       4%          3
 Animate Dead             Necr           21%        N/A       17%         4
 Mercury Vapours          Alch/Air       6%         N/A       24%         2
 Mephitic Cloud           Conj/Alch/Air  3%         N/A       43%         3
 Curse of Agony           Necr           21%        N/A       43%         5
 Freezing Cloud           Conj/Ice/Air   1%         6-21      99%         5


Dungeon Overview and Level Annotations

Branches:
Dungeon (4/15)
 Temple: D:4-7

Altars:

Annotations:
D:3 2 transporters, labirda's ghost, amateur MiHu


Innate Abilities, Weirdness & Mutations

You have extremely sharp teeth.
Your natural rate of healing is unusually fast.
When hurt, damage is shared between your health and your magic reserves.
Your bite disrupts and absorbs the magic of your enemies.
Potions cannot restore your health.


Message History

The gnoll hits you from afar with a +0 halberd.
You hit the gnoll but do no damage. You bite the gnoll. You drain its power.
You feel invigorated.
The gnoll is heavily wounded.
The gnoll closely misses you.
The gnoll hits you from afar with a +0 halberd.
You hit the gnoll but do no damage. You bite the gnoll. You drain its power.
You feel invigorated.
The gnoll is almost dead.
The gnoll hits you with a +0 flail! The gnoll misses you.
You hit the gnoll but do no damage. Your bite misses the gnoll.
The gnoll is almost dead.
The gnoll barely misses you. x2
You hit the gnoll but do no damage. Your bite misses the gnoll.
The gnoll is almost dead.
The gnoll hits you with a +0 flail! The gnoll closely misses you.
Casting: Necrotise (safe; 1% risk of failure)
Confirm with . or Enter, or press ? or * to list all spells.
You don't know that spell.
Casting: Necrotise (safe; 1% risk of failure)
Confirm with . or Enter, or press ? or * to list all spells.
Aiming: Necrotise (safe; 1% risk of failure)
Press: ? - help, Shift-Dir - straight line, f - gnoll, p - gnoll
Aim: a gnoll, wielding a +0 whip (chance to affect: 85%)
The gnoll writhes in agony.
The gnoll hits you with a +0 flail!
* * * LOW HITPOINT WARNING * * *
The gnoll misses you. The gnoll hits you with a +0 whip.
* * * LOW HITPOINT WARNING * * *
Okay, then.
Casting: Necrotise (safe; 1% risk of failure)
Confirm with . or Enter, or press ? or * to list all spells.
You don't have enough magic to cast this spell.
You barely miss the gnoll.
The gnoll is almost dead.
The gnoll closely misses you. The gnoll barely misses you. x2
You hit the gnoll but do no damage. Your bite misses the gnoll.
The gnoll is almost dead.
The gnoll misses you.
The gnoll hits you from afar with a +0 halberd.
You die...

#.# #.. #.# #.#
###### #.#
.....##.#######
#.....<.......
#.#.##g##.####
#..gg@.#
#.?g####
#...... #.##.g.
# #... ....
..... ......


You could see 4 gnolls.

Vanquished Creatures
  3 gnolls
  4 adders
  6 dart slugs
  A ribbon worm (D:3)
  4 orcs
  7 endoplasms
  2 giant cockroaches
  2 goblins
  5 hobgoblins
  7 jackals
  A quokka (D:2)
  2 ball pythons (D:3)
  9 bats
  5 frilled lizards
  2 kobolds
  3 rats
63 creatures vanquished.

Vanquished Creatures (collateral kills)
  A gnoll (D:3)
  A dart slug (D:1)
2 creatures vanquished.

Grand Total: 65 creatures vanquished

Notes
Turn   | Place    | Note
-------+----------+-------------------------------------------
     0 | D:1      | stipulation the Vine Stalker Necromancer began the quest
                  | for the Orb.
     0 | D:1      | Reached XP level 1. HP: 9/9 MP: 4/4
   180 | D:1      | Reached XP level 2. HP: 12/13 MP: 1/6
   383 | D:1      | Reached XP level 3. HP: 16/16 MP: 6/8
  1330 | D:2      | Found a faded altar of an unknown god.
  1738 | D:2      | Reached XP level 4. HP: 21/21 MP: 7/10
  2104 | D:3      | Found a transporter.
  2228 | D:2      | Reached skill level 5 in Necromancy
  2740 | D:3      | Found a transporter.
  2743 | D:3      | Noticed labirda's ghost (amateur MiHu)
  2780 | D:3      | Reached XP level 5. HP: 24/24 MP: 8/11
  2971 | D:4      | HP: 1/24 [gnoll/+0 whip (4)]
  2973 | D:4      | Slain by a gnoll

Illustrated notes

Levels and vault maps discovered:
D:1:      dpeg_arrival_radiant, layout_basic
D:2:      layout_basic, shapermc_ecumenical_altar_ellora
D:3:      layout_rooms, gammafunk_ghost_mausoleum
D:4:      layout_loops_ring, uniq_blork_the_orc

Skill      XL: |  1  2  3  4  5 |
---------------+----------------+-----
Spellcasting   | 3 4 |  4.1
Necromancy     | 5 |  5.4
Dodging        | |  1.5
Stealth        | |  2.4

Action                     |  1- 3 |  4- 6 || total
---------------------------+-------+-------++-------
  Melee: Unarmed           |    46 |       ||    46
         Bite              |    18 |    15 ||    33
         Dagger            |    27 |    43 ||    70
         Punch             |     1 |       ||     1
   Cast: Necrotise         |    54 |    44 ||    98
   Stab: Sleeping          |     2 |     4 ||     6
         Distracted        |       |     1 ||     1
 Armour: Robe              |    53 |    38 ||    91
  Dodge: Dodged            |    74 |    33 ||   107
